 Dungeon Crawl Stone Soup version 0.18-a0-1639-g7533f42 (webtiles) character file.

30 Hucsek the Ruffian (level 3, 37/37 HPs)
             Began as a Troll Berserker on Mar 27, 2016.
             Was a Follower of Trog.
             Starved to death
             ... on level 1 of the Dungeon.
             The game lasted 00:08:07 (1440 turns).

Hucsek the Ruffian (Troll Berserker)                Turns: 1440, Time: 00:08:08

Health: 37/37      AC:  5    Str: 25    XL:     3   Next: 3%
Magic:  2/2        EV: 10    Int:  4    God:    Trog [*.....]
Gold:   33         SH:  0    Dex:  9    Spells: 0 memorised, 2 levels left

rFire  . . .     SeeInvis .     o - +0 mace
rCold  . . .     Gourm    +     j - +0 animal skin
rNeg   . . .     Faith    .     (no shield)
rPois  .         Spirit   .     (helmet restricted)
rElec  .         Dismiss  .     (no cloak)
rCorr  .         Reflect  .     (gloves unavailable)
SustAt .         Harm     .     (boots unavailable)
MR     .....                    (no amulet)
Stlth  +.........               (no ring)
                                (no ring)

@: fainting, not resistant to hostile enchantments, very unstealthy
A: unfitting armour, claws 3, fast metabolism 3, gourmand, regeneration 2,
shaggy fur 1, tough skin 2
a: Berserk, Burn Spellbooks, Renounce Religion


You were on level 1 of the Dungeon.
You worshipped Trog.
Trog was aware of your devotion.
You were fainting.

You visited 1 branch of the dungeon, and saw 1 of its levels.

You collected 33 gold pieces.

Inventory:

Hand Weapons
 a - a +0 hand axe
 d - a +0 dagger
 f - a +0 whip
 l - a +0 club
 o - a +0 mace (weapon)
 u - a cursed -3 club
 v - a +0 dagger
 w - a +0 club
Missiles
 n - 60 stones (quivered)
 x - 14 arrows of flame
Armour
 e - a +0 leather armour
 g - a +0 ring mail
 j - a +0 animal skin (worn)
Scrolls
 h - 3 scrolls of teleportation {unknown}
 k - 2 scrolls of identify {unknown}
 r - a scroll of noise {unknown}
Potions
 i - a potion of brilliance {unknown}
 m - a potion of curing {unknown}
 q - 2 potions of resistance {unknown}
 t - a potion of flight {unknown}
Comestibles
 c - a meat ration


   Skills:
 + Level 3.0 Fighting
 + Level 2.8 Dodging
 + Level 3.1 Unarmed Combat


You had 2 spell levels left.
You didn't know any spells.

Dungeon Overview and Level Annotations

Branches:
Dungeon (1/15)

Altars:


Innate Abilities, Weirdness & Mutations

You are too large for most types of armour.
You have claws for hands.
Your metabolism is lightning-fast.
You like to eat raw meat.
You heal very quickly.
You are covered in fur (AC +1).
You have very tough skin (AC +2).


Message History

You barely miss the dart slug.
The dart slug is severely wounded.
The dart slug bites you.
You sock the dart slug!
You kill the dart slug!
Trog accepts your kill.
You have reached level 3!
Your experience leads to an increase in your attributes!
Increase (S)trength, (I)ntelligence, or (D)exterity?
You feel clever.
You feel stronger.
You see here a dart slug corpse.
Found 12 gold pieces.
You now have 33 gold pieces (gained 12).
You are fainting from starvation!
You see here a dart slug corpse.
There is a staircase leading out of the dungeon here.
There is a staircase leading out of the dungeon here.
Unknown command.
You have starved to death.
You die...

......#≈≈§#§≈§#§§≈#..P..8.....#≈≈
......#§§§#≈≈≈#§§≈#P.......P..#≈≈
......#...#...#§§§##..P......##..
....###...#...#...####.P...####..
....# #...#...#.§.##.###'###.##..
.#### #...#...#...#...#...#...#..
.#### #.......#...#...#.>.#...#..
....####......#...#...#...#...#..
.....#####......@.....#...#......
......########...........†.......
..........# ######.....<.....###
###.......#######################
#.'...................# #.....
#.#.......###########.######)####
#.#.......# #............
#.#######.##################.####
#.# #................#......#


There were no monsters in sight!

Vanquished Creatures
  3 dart slugs (D:1)
  A giant gecko (D:1)
  2 giant cockroaches (D:1)
  4 goblins (D:1)
  2 hobgoblins (D:1)
  5 kobolds (D:1)
  2 bats (D:1)
  2 rats (D:1)
  3 plants (D:1)
24 creatures vanquished.

Notes
Turn   | Place    | Note
--------------------------------------------------------------
     0 | D:1      | Hucsek the Troll Berserker began the quest for the Orb.
     0 | D:1      | Reached XP level 1. HP: 22/22 MP: 0/0
   187 | D:1      | Reached XP level 2. HP: 29/29 MP: 1/1
  1368 | D:1      | Reached XP level 3. HP: 35/37 MP: 2/2
  1440 | D:1      | Starved to death

Vault maps used:
D:1:      dpeg_arrival_water_fire

Skill      XL: |  1  2 |
---------------+-------+-----
Fighting       | 3 |  3.0
Dodging        | |  2.8
Unarmed Combat | |  3.1

Action                   || total
-------------------------++-------
Melee: Unarmed           ||    57
       Mace              ||    73
Invok: Berserk           ||     1
  Eat: Bread ration      ||     2
